 Dungeon Crawl Stone Soup version 0.18-a0-1745-gffa9a88 (webtiles) character file.

1488 dobroeutro the Shield-Bearer (level 8, -5/51 HPs)
             Began as a Gargoyle Fighter on Apr 11, 2016.
             Was a Believer of Okawaru.
             Slain by an ogre
             ... wielding a +0 giant club
              (23 damage)
             ... on level 5 of the Dungeon.
             The game lasted 00:11:55 (5161 turns).

dobroeutro the Shield-Bearer (Gargoyle Fighter)     Turns: 5161, Time: 00:11:55

Health: -5/51      AC: 17    Str: 20    XL:     8   Next: 80%
Magic:  8/8        EV:  6    Int: 10    God:    Okawaru [**....]
Gold:   288        SH: 10    Dex: 10    Spells: 0 memorised, 7 levels left

rFire  . . .     SeeInvis .     a - +0 flail
rCold  + . .     Gourm    .     q - +2 chain mail {rC+}
rNeg   + . .     Faith    .     c - +0 shield
rPois  ∞         Spirit   .     (no helmet)
rElec  +         Dismiss  .     (no cloak)
rCorr  .         Reflect  .     (no gloves)
SustAt +         Harm     .     (no boots)
MR     .....                    (no amulet)
Stlth  ..........               p - ring of sustain attributes
                                h - ring of stealth

@: not resistant to hostile enchantments, extremely unstealthy
A: negative energy resistance 1, electricity resistance, unbreathing,
petrification resistance, rot immunity, AC +5
a: Heroism, Renounce Religion


You were on level 5 of the Dungeon.
You worshipped Okawaru.
Okawaru was pleased with you.
You were not hungry.

You visited 1 branch of the dungeon, and saw 5 of its levels.
You also visited: Ossuary.

You collected 288 gold pieces.

Inventory:

Hand Weapons
 a - a +0 flail (weapon)
Armour
 b - a +0 scale mail
 c - a +0 shield (worn)
 q - a +2 chain mail of cold resistance (worn)
Jewellery
 e - an uncursed ring of protection from cold
 h - a ring of stealth (left hand)
 p - a ring of sustain attributes (right hand)
Wands
 x - a wand of confusion (21/48)
 D - a wand of iceblast (8/15)
Scrolls
 f - a scroll of blinking {unknown}
 g - 8 scrolls of teleportation {unknown}
 i - 2 scrolls of remove curse {unknown}
 j - 2 scrolls of enchant armour {unknown}
 r - a scroll of fear {unknown}
 s - 2 scrolls of magic mapping {unknown}
 v - a scroll of amnesia {unknown}
 y - a scroll of identify {unknown}
 A - a scroll of immolation {unknown}
 E - a scroll of enchant weapon {unknown}
Potions
 d - a potion of might
 m - a potion of agility
 n - a potion of mutation {unknown}
 o - 5 potions of lignification {unknown}
 u - 2 potions of haste {unknown}
 w - a potion of curing {unknown}
Comestibles
 k - 4 meat rations
 t - a fruit
 z - a bread ration
 C - a beef jerky


   Skills:
 + Level 5.9 Fighting
 + Level 5.6 Maces & Flails
 + Level 6.0 Armour
 - Level 0.1 Dodging
 + Level 7.7 Shields
 + Level 0.2 Invocations


You had 7 spell levels left.
You didn't know any spells.

Dungeon Overview and Level Annotations

Branches:
Dungeon (5/15)
 Temple: D:4-7

Altars:
Ashenzari
Dithmenos
Okawaru


Innate Abilities, Weirdness & Mutations

You are resistant to torment.
Your stone body is resilient (AC +5).
You are immune to poison.
You resist negative energy.
You are resistant to electric shocks.
You can survive without breathing.
You are immune to petrification.
You are immune to rotting.


Message History

The ogre is moderately wounded.
You block the ogre's attack. The orc hits you but does no damage.
You hit the ogre.
The ogre is moderately wounded.
The ogre hits you with a giant club!
* * * LOW HITPOINT WARNING * * *
You block the orc's attack.
Drink which item? (? for menu, Esc to quit)
You feel much better. The ogre hits you with a giant club.
The orc hits you but does no damage.
You hit the ogre.
The ogre is moderately wounded.
You block the orc's attack. The ogre hits you with a giant club!
You hit the ogre but do no damage.
The ogre is moderately wounded.
You block the orc's attack. The ogre closely misses you.
You hit the ogre.
The ogre is moderately wounded.
The orc hits you with a falchion. The ogre hits you with a giant club!!
You die...

.# # ..# #. ...# #
###.#######.#o..#
..........o.....#
####......o.o....
.................. #
#..........?###.#...# .
...........oO@......#...
........####.##o#...#.....
##.# ..#.####.##.#...#...o .
.#.# .....##.##.#..........
.#.#####.#.##.##.#......#..
.#............##.#........
.....................#.#.###.#
.>............................
......#############..#.#.##..#


You could see an ogre and 2 orcs.

Vanquished Creatures
  Grinder (D:4)
  An ice beast (D:5)
  An ogre (D:4)
  A centaur (D:5)
  2 elf zombies (Ossuary)
  A giant frog (D:3)
  3 howler monkeys (D:4)
  A crimson imp (D:4)
  A jelly (D:4)
  A human zombie (Ossuary)
  7 orc priests
  A hound (D:4)
  2 centaur skeletons
  2 orc wizards (D:5)
  An iguana (D:4)
  A worker ant (D:4)
  2 mummies (Ossuary)
  8 adders
  A howler monkey skeleton (D:5)
  An ooze (D:3)
  An adder zombie (Ossuary)
  3 worms
  A dart slug (D:2)
  3 giant geckos
  11 orcs
  2 ball pythons
  5 giant cockroaches
  7 goblins
  4 hobgoblins
  4 jackals (D:3)
  5 kobolds
  2 quokkas (D:2)
  9 bats
  3 giant newts
  2 goblin zombies (Ossuary)
  7 hobgoblin zombies (Ossuary)
  A jackal zombie (Ossuary)
  10 kobold zombies (Ossuary)
  11 orc zombies (Ossuary)
  A quokka skeleton (D:4)
  7 rats
  2 rat zombies (Ossuary)
140 creatures vanquished.

Notes
Turn   | Place    | Note
--------------------------------------------------------------
     0 | D:1      | dobroeutro the Gargoyle Fighter began the quest for the Orb.
     0 | D:1      | Reached XP level 1. HP: 14/14 MP: 1/1
   168 | D:1      | Reached XP level 2. HP: 12/19 MP: 2/2
   429 | D:1      | Found a shattered altar of Ashenzari.
   692 | D:2      | Reached XP level 3. HP: 21/23 MP: 3/3
   915 | D:2      | Reached skill level 4 in Shields
   916 | D:2      | Found a shadowy altar of Dithmenos.
  1290 | D:2      | Reached XP level 4. HP: 20/28 MP: 4/4
  1890 | D:3      | Noticed a giant frog
  1911 | D:3      | Killed a giant frog
  1911 | D:3      | Reached XP level 5. HP: 33/33 MP: 5/5
  2012 | D:3      | Found an iron altar of Okawaru.
  2019 | D:3      | Became a worshipper of Warmaster Okawaru
  2632 | D:4      | Found a sand-covered staircase.
  2637 | Ossuary  | Entered an ossuary
  2831 | Ossuary  | Reached skill level 5 in Shields
  2861 | Ossuary  | Reached XP level 6. HP: 20/38 MP: 6/6
  3048 | Ossuary  | Reached * piety under Okawaru
  3089 | D:4      | Reached skill level 5 in Armour
  3089 | D:4      | Reached XP level 7. HP: 32/44 MP: 7/7
  3602 | D:4      | Noticed Grinder
  3611 | D:4      | Paralysed by Grinder for 7 turns
  3641 | D:4      | Paralysed by Grinder for 2 turns
  3646 | D:4      | Paralysed by Grinder for 2 turns
  3652 | D:4      | Killed Grinder
  3652 | D:4      | Reached skill level 5 in Fighting
  3652 | D:4      | Reached skill level 6 in Shields
  3686 | D:4      | Reached XP level 8. HP: 41/49 MP: 8/8
  4117 | D:4      | Reached skill level 5 in Maces & Flails
  4401 | D:5      | Entered Level 5 of the Dungeon
  4429 | D:5      | Reached ** piety under Okawaru
  4429 | D:5      | Reached skill level 7 in Shields
  5161 | D:5      | Slain by an ogre

Vault maps used:
D:1:      minmay_arrival_solitary_statue, nicolae_ashenzari_panopticon
D:2:      old_standard_altar, kennysheep_small_spiral
D:3:      okawaru_gym_becter, first_bread
D:4:      enter_ossuary_2, uniq_grinder
D:5:      basic_altar, kennysheep_small_square
Ossuary:  ossuary_tomb_1

Skill      XL: |  1  2  3  4  5  6  7  8 |
---------------+-------------------------+-----
Armour         | 4 5 6 |  6.0
Shields        | 4 5 6 7 |  7.7
Fighting       | 4 5 |  5.9
Maces & Flails | 3 4 5 |  5.6
Dodging        | |  0.1
Invocations    | |  0.2

Action                   |  1- 3 |  4- 6 |  7- 9 || total
-------------------------+-------+-------+-------++-------
Melee: Flail             |   170 |   346 |   276 ||   792
Invok: Heroism           |       |       |     1 ||     1
  Use: Potion            |       |       |     2 ||     2
  Eat: Chunk             |     1 |       |     9 ||    10
       Bread ration      |       |     1 |       ||     1
       Beef jerky        |       |     1 |       ||     1
